 Dungeon Crawl Stone Soup version 0.20-b1-14-g8425815 (webtiles) character file.

5621 tof the Fighter (level 10, -2/80 HPs)
             Began as a Barachi Monk on May 23, 2017.
             Was an Elder of Hepliaklqana.
             Slain by a killer bee (8 damage)
             ... on level 9 of the Dungeon.
             The game lasted 00:27:50 (10731 turns).

tof the Fighter (Barachi Monk)                     Turns: 10731, Time: 00:27:51

Health: -2/80      AC: 12    Str: 12    XL:     10   Next: 73%
Magic:  10/10      EV: 11    Int: 11    God:    Hepliaklqana [****..]
Gold:   506        SH:  0    Dex: 18    Spells: 9/9 levels left

rFire    + . .     SeeInvis .   a - +3 hand axe (chop)
rCold    + . .     Gourm    .   (no shield)
rNeg     . . .     Faith    .   z - +0 chain mail
rPois    +         Spirit   .   l - +0 helmet
rElec    .         Reflect  .   y - scarf {rC+ rF+}
rCorr    .         Harm     .   (no gloves)
MR       .....                  (no boots)
Stlth    ..........             j - amulet of magic regeneration
Regen    0.3/turn               k - ring of poison resistance
MPRegen  0.2/turn               f - +4 ring of evasion

@: lethally poisoned (-2 -> -4), slow
A: +LOS, swims, reduced essence, slowness 1, strong legs 1
a: Hop, Recall Ancestor, Ancestor Identity, Transference, Idealise, Renounce
Religion


You were on level 9 of the Dungeon.
You worshipped Hepliaklqana.
Hepliaklqana was greatly pleased with you.
You were hungry.

You visited 2 branches of the dungeon, and saw 10 of its levels.
You also visited: Ossuary.

You collected 506 gold pieces.

Inventory:

Hand Weapons
 a - a +3 hand axe of chopping (weapon)
Armour
 l - a +0 helmet (worn)
 y - a scarf of resistance (worn)
 z - a +0 chain mail (worn)
Jewellery
 f - a +4 ring of evasion (right hand)
 j - an amulet of magic regeneration (around neck)
 k - a ring of poison resistance (left hand)
Wands
 b - a wand of confusion (31/48)
 n - a wand of polymorph (15/24)
 F - a wand of paralysis (18/24)
 L - a wand of disintegration (12/24)
 M - a wand of polymorph (13/24)
 O - a wand of enslavement (12/24)
Scrolls
 d - 6 scrolls of identify
 e - 4 scrolls of blinking
 h - 2 scrolls of recharging
 m - 5 scrolls of teleportation
 o - a scroll of immolation
 t - 2 scrolls of random uselessness
 w - 4 scrolls of remove curse
 D - 3 scrolls of enchant armour {unknown}
 H - 2 scrolls of summoning {unknown}
 I - a scroll of enchant weapon
 J - a scroll of amnesia {unknown}
Potions
 g - a potion of ambrosia {unknown}
 i - 6 potions of curing {unknown}
 q - a potion of cancellation {unknown}
 r - 4 potions of brilliance {unknown}
 s - a potion of flight {unknown}
 u - 4 potions of mutation {unknown}
 v - 3 potions of magic {unknown}
 x - 3 potions of resistance {unknown}
 A - a potion of degeneration {unknown}
 C - a potion of invisibility
 G - a potion of heal wounds {unknown}
 K - 2 potions of might {unknown}
Comestibles
 c - 3 bread rations
 p - 4 royal jellies
 B - 7 fruits
 E - 3 meat rations


   Skills:
 * Level 12.0 Fighting
 * Level 11.4 Axes
 + Level 8.1 Armour
 - Level 3.2 Dodging
 - Level 1.7 Stealth


You had 9 spell levels left.
You didn't know any spells.

Dungeon Overview and Level Annotations

Branches:
Dungeon (9/15)             Temple (1/1) D:4
   Lair: D:8-11         Orc: D:9-12

Altars:
Ashenzari
Cheibriados
Dithmenos
Elyvilon
Fedhas
Gozag
Hepliaklqana
Makhleb
Okawaru
Qazlal
Ru
Sif Muna
Trog
Uskayaw
Vehumet
Xom
Yredelemnul
Zin
The Shining One

Shops:
D:6 [


Innate Abilities, Weirdness & Mutations

Shadows flee at your approach. (+LOS)
You can swim through water.
You cover ground slowly.
You can hop short distances.
Your life essence is reduced. (-10% HP)


Message History

The killer bee rages.
The killer bee stings you.
* * * LOW HITPOINT WARNING * * *
The killer bee misses you. The killer bee closely misses you.
You feel sick.
The killer bee stings you but does no damage.
The killer bee rages.
The killer bee barely misses you.
You feel sick. The killer bee stings you.
* * * LOW HITPOINT WARNING * * *
The killer bee stings you.
* * * LOW HITPOINT WARNING * * *
The killer bee stings you but does no damage. x2
The killer bee barely misses you.
You hear an angry buzzing noise.
The killer bee barely misses you.
You hear an angry buzzing noise.
The killer bee stings you but does no damage.
The killer bee stings you!
You die...

####### #.@...#
#.yy..# # #.....#
#.. #####.....#
.#....###...y.....#
.......yyy###.....#
......##### #.....#
.... #.....# ..
#.....#


You could see a queen bee and 2 killer bees.

Vanquished Creatures
  2 hippogriffs
  The ghost of miragecloak the Insei, an amateur OpTm (D:5)
  A steam dragon (D:7)
  An ice beast (D:7)
  4 phantoms
  A black bear (D:6)
  An orc warrior (D:6)
  The ghost of tof the Skirmisher, an amateur BaMo (D:3)
  2 centaurs
  2 ogres
  Blork the orc (D:4)
  A gnoll sergeant (D:6)
  A water moccasin skeleton (D:4)
  3 scorpions
  7 killer bees (D:9)
  2 howler monkeys (D:7)
  A bullfrog zombie (D:8)
  2 crimson imps
  A quasit (D:7)
  3 hounds
  A jelly (D:7)
  A centaur zombie (D:7)
  2 orc priests
  Crazy Yiuf (D:3)
  A gnoll shaman (D:7)
  4 orc wizards
  2 iguanas
  Terence (D:3)
  Natasha (thrice) (D:3)
  3 worker ants
  4 big kobold zombies (Ossuary)
  A mummy (Ossuary)
  Robin (D:2)
  A howler monkey zombie (D:7)
  A worker ant zombie (D:8)
  10 gnolls
  6 adders
  A shadow imp (D:6)
  An adder zombie (D:5)
  An adder skeleton (D:8)
  4 worms
  A dart slug (D:2)
  2 leopard geckos
  17 orcs
  3 spectral bats (Ossuary)
  8 bats
  7 giant cockroaches
  7 gnoll zombies (Ossuary)
  12 goblins
  8 hobgoblins
  21 jackals
  6 kobolds
  4 quokkas
  2 ball pythons
  3 bat simulacra (Ossuary)
  A frilled lizard (D:2)
  3 goblin simulacra (Ossuary)
  3 goblin zombies (Ossuary)
  3 hobgoblin zombies (Ossuary)
  6 kobold simulacra (Ossuary)
  9 kobold zombies (Ossuary)
  3 orc zombies (Ossuary)
  9 rats
  2 rat simulacra (Ossuary)
  A spectral goblin (Ossuary)
  4 spectral kobolds (Ossuary)
  4 spectral rats (Ossuary)
237 creatures vanquished.

Vanquished Creatures (collateral kills)
  2 two-headed ogres (D:8)
  2 sky beasts
  A bullfrog (D:7)
  A gnoll sergeant (D:8)
  A wyvern skeleton (D:8)
  A howler monkey (D:7)
  A bullfrog zombie (D:7)
  A jelly (D:5)
  2 orc priests
  A centaur skeleton (D:7)
  A worker ant (D:5)
  A big kobold zombie (Ossuary)
  7 gnolls
  2 adders
  An ooze (D:4)
  5 orcs
  A jackal (D:7)
  A quokka (D:7)
  A leopard gecko zombie (D:7)
33 creatures vanquished.

Vanquished Creatures (others)
  2 hexers
2 creatures vanquished.

Grand Total: 272 creatures vanquished

Notes
Turn   | Place    | Note
-------+----------+-------------------------------------------
     0 | D:1      | tof the Barachi Monk began the quest for the Orb.
     0 | D:1      | Reached XP level 1. HP: 18/18 MP: 1/1
   353 | D:1      | Reached XP level 2. HP: 25/25 MP: 2/2
   528 | D:1      | Reached skill level 4 in Fighting
   869 | D:2      | Reached skill level 1 in Armour
   891 | D:2      | Reached XP level 3. HP: 18/30 MP: 3/3
  1604 | D:2      | Found a shadowy altar of Dithmenos.
  1616 | D:2      | Reached XP level 4. HP: 38/38 MP: 4/4
  1796 | D:3      | Noticed tof's ghost (amateur BaMo)
  1825 | D:3      | Killed tof's ghost
  1825 | D:3      | Reached skill level 5 in Fighting
  1825 | D:3      | Reached XP level 5. HP: 9/44 MP: 5/5
  2122 | D:3      | Noticed Natasha
  2143 | D:3      | Killed Natasha
  2143 | D:3      | Reached skill level 5 in Axes
  2673 | D:3      | Noticed Robin
  2930 | D:2      | Killed Robin
  3247 | D:3      | Reached XP level 6. HP: 48/51 MP: 6/6
  3338 | D:3      | Noticed Natasha
  3353 | D:3      | Killed Natasha
  3451 | D:3      | Found a blossoming altar of Fedhas.
  3451 | D:3      | Found a basalt altar of Yredelemnul.
  3782 | D:3      | Noticed Natasha
  3801 | D:3      | Killed Natasha
  3872 | D:3      | Found a runed door.
  3876 | D:3      | Noticed Crazy Yiuf
  3897 | D:3      | Killed Crazy Yiuf
  4131 | D:3      | Noticed Terence
  4173 | D:3      | Killed Terence
  4173 | D:3      | Reached skill level 6 in Fighting
  4709 | D:4      | Found a burning altar of Makhleb.
  4756 | D:4      | Reached XP level 7. HP: 44/58 MP: 7/7
  4863 | D:4      | Found a staircase to the Ecumenical Temple.
  4869 | Temple   | Entered the Ecumenical Temple
  4925 | Temple   | Became a worshipper of Hepliaklqana the Forgotten
  4925 | Temple   | Reached * piety under Hepliaklqana
  4925 | Temple   | Reached ** piety under Hepliaklqana
  4926 | Temple   | Remembered your ancestor Shatamurrim as a hexer
  5102 | D:4      | Reached skill level 7 in Fighting
  5635 | D:4      | Reached XP level 8. HP: 58/60 MP: 8/8
  5683 | D:4      | Noticed Blork the orc
  5695 | D:4      | Killed Blork the orc
  5819 | D:4      | Found a bloodstained altar of Trog.
  5866 | D:5      | Entered Level 5 of the Dungeon
  6176 | D:5      | Reached skill level 8 in Fighting
  6254 | D:5      | Noticed miragecloak's ghost (amateur OpTm)
  6271 | D:5      | Killed miragecloak's ghost
  6271 | D:5      | Reached skill level 5 in Armour
  6599 | D:6      | Found a glowing golden altar of the Shining One.
  6802 | D:6      | Reached skill level 9 in Fighting
  6802 | D:6      | Reached XP level 9. HP: 36/68 MP: 9/9
  7111 | D:6      | Reached *** piety under Hepliaklqana
  7183 | D:6      | Found Loca's Antique Armour Shop.
  7661 | D:7      | Found a sand-covered staircase.
  7667 | Ossuary  | Entered an ossuary
  8168 | D:7      | Reached skill level 10 in Fighting
  8624 | D:7      | Reached skill level 10 in Axes
  8987 | D:7      | Reached XP level 10. HP: 77/77 MP: 10/10
  9067 | D:7      | Reached **** piety under Hepliaklqana
  9158 | D:8      | Found a stormy altar of Qazlal.
  9165 | D:8      | Noticed a two-headed ogre
  9174 | D:8      | Killed a two-headed ogre
  9174 | D:8      | Reached skill level 11 in Fighting
  9658 | D:8      | Noticed a two-headed ogre
  9668 | D:8      | Killed a two-headed ogre
  9916 | D:8      | Found a shimmering altar of Xom.
 10702 | D:9      | Reached skill level 12 in Fighting
 10731 | D:9      | Slain by a killer bee

Skill      XL: |  1  2  3  4  5  6  7  8  9 10 |
---------------+-------------------------------+-----
Fighting       | 4 5 6 7 9 10 12 | 12.0
Armour         | 1 2 3 4 5 6 8 |  8.1
Axes           | 4 5 6 7 8 10 11 | 11.4
Dodging        | |  3.2
Stealth        | |  1.7

Action                   |  1- 3 |  4- 6 |  7- 9 | 10-12 || total
-------------------------+-------+-------+-------+-------++-------
Melee: Hand axe          |   119 |   351 |   539 |   108 ||  1117
       Unarmed           |       |    10 |       |       ||    10
Invok: Ancestor Life: He |       |       |     1 |       ||     1
       Ancestor Identity |       |       |     1 |       ||     1
       Recall Ancestor   |       |       |     1 |       ||     1
  Use: Scroll            |     1 |     1 |     8 |       ||    10
 Stab: Sleeping          |     1 |       |       |       ||     1
       Distracted        |       |       |     7 |       ||     7
       Confused          |       |       |    13 |       ||    13
  Eat: Chunk             |     3 |    10 |    12 |     3 ||    28
       Fruit             |       |     1 |     4 |     3 ||     8
Armor: Robe              |    10 |       |       |       ||    10
       Ring mail         |    23 |    75 |       |       ||    98
       Chain mail        |       |    16 |   216 |    66 ||   298
Dodge: Dodged            |    97 |   250 |   252 |    70 ||   669
